 Dungeon Crawl Stone Soup version 0.15-a0-137-g18a2bbc (webtiles) character file.

471 PolkaDot the Ruinous (level 6, -8/41 HPs)
             Began as a Vampire Wizard on Apr 13, 2014.
             Splashed by a jelly's acid (9 damage)
             ... on Level 5 of the Dungeon.
             The game lasted 00:21:54 (3705 turns).

PolkaDot the Ruinous (Vampire Wizard)               Turns: 3705, Time: 00:21:54

HP  -8/41        AC  2     Str  6      XL: 6   Next: 50%
MP   9/12        EV 12     Int 22      God:
Gold 81          SH  0     Dex 12      Spells:  4 memorised,  2 levels left

rFire  + . .     SeeInvis +     p - +2,+3 dagger (venom)
rCold  . . .     Clarity  .     a - +0 robe
rNeg   . . .     Conserve .     (no shield)
rPois  .         rCorr    .     b - +0 hat
rElec  .         rRot     .     (no cloak)
SustAb . .       Spirit   .     (no gloves)
rMut   .         Warding  .     (no boots)
Saprov . . .     Stasis   .     (no amulet)
MR     .....                    (no ring)
                                h - cursed ring of protection from fire {unknown}

@: regenerating quickly, not resistant to hostile enchantments, stealthy
A: bottle blood, fangs 3, see invisible, unbreathing
a: Bottle Blood


You were on level 5 of the Dungeon.
You were very full.

You visited 1 branch of the dungeon, and saw 5 of its levels.

You collected 81 gold pieces.

Inventory:

Hand weapons
 p - a +2,+3 dagger of venom (weapon)
Armour
 a - a +0 robe (worn)
 b - a +0 hat (worn)
Scrolls
 d - 2 scrolls of remove curse
 e - a scroll of identify
 g - a scroll of enchant weapon II
 l - 2 scrolls of amnesia
Jewellery
 h - a cursed ring of protection from fire (left hand) {unknown}
Potions
 k - a potion of heal wounds
 m - a potion of haste
 n - a potion of might
 o - a potion of curing
Books
 c - a book of Minor Magic

   Spells                             Type                      Level
   *Magic Dart                        Conjuration                  1
   *Blink                             Translocation                2
   Call Imp                           Summoning                    2
   Repel Missiles                     Charms/Air                   2
   Slow                               Hexes                        2
   *Conjure Flame                     Conjuration/Fire             3
   *Mephitic Cloud                    Conjuration/Poison/Air       3
 f - a book of Enchantments

   Spells                             Type                      Level
   Cause Fear                         Hexes                        4
   Silence                            Hexes/Air                    5
   Tukima's Dance                     Hexes                        5
   Deflect Missiles                   Charms/Air                   6
   Haste                              Charms                       6
   Discord                            Hexes                        8


   Skills:
 - Level 2.1 Dodging
 - Level 3.0 Stealth
 - Level 3.0 Spellcasting
 * Level 5.1 Conjurations
   Level 1.0 Summonings
 - Level 0.7 Translocations


You had 2 spell levels left.
You knew the following spells:

 Your Spells              Type           Power        Failure   Level  Hunger
a - Magic Dart            Conj           ####         1%          1    None
d - Mephitic Cloud        Conj/Pois/Air  ##......     21%         3    ###....
q - Blink                 Tloc           N/A          17%         2    ##.....
s - Conjure Flame         Conj/Fire      ##......     14%         3    ###....


Dungeon Overview and Level Annotations

Branches:
Dungeon (5/15)
 Temple: D:4-7

Altars:
Makhleb


Innate Abilities, Weirdness & Mutations

Your natural rate of healing is unusually fast.
You can bottle blood from corpses.
You have razor-sharp teeth.*
You have supernaturally acute eyesight.
You can survive without breathing.*


Message History

The worker ant appears confused.
The worker ant bites the jelly.
The worker ant is burned by acid!
The quokka is engulfed in noxious fumes.
The quokka appears confused.
The worker ant is engulfed in noxious fumes.
The worker ant appears confused.
Casting: Mephitic Cloud
Confirm with . or Enter, or press ? or * to list all spells.
You don't know that spell.
The quokka is engulfed in noxious fumes.
The quokka appears confused.
The quokka is engulfed in noxious fumes.
The quokka appears confused.
You kill the quokka!
The jelly hits you.
You are splashed with acid!
The acid burns!
* * * LOW HITPOINT WARNING * * *
The jelly hits you.
* * * LOW HITPOINT WARNING * * *
You are splashed with acid!
The acid burns!
You die...

####################
>..(....a.......@..#
.......".(.......J.#
........a..........#
####################


You could see a jelly and a worker ant (confused).

Vanquished Creatures
  A scorpion (D:4)
  4 hounds
  A worker ant (D:5)
  4 gnolls (D:3)
  5 adders
  A giant mite (D:3)
  2 worms
  3 giant geckos
  8 orcs (D:3)
  3 giant cockroaches
  11 goblins
  11 hobgoblins
  9 jackals
  2 quokkas
  2 ball pythons
  4 bats
  A giant newt (D:2)
  11 kobolds
  9 rats
92 creatures vanquished.

Notes
Turn   | Place    | Note
--------------------------------------------------------------
     0 | D:1      | PolkaDot, the Vampire Wizard, began the quest for the Orb.
     0 | D:1      | Reached XP level 1. HP: 13/13 MP: 4/4
   113 | D:1      | Reached skill level 1 in Conjurations
   474 | D:1      | Reached XP level 2. HP: 19/19 MP: 4/6
  1159 | D:1      | Reached XP level 3. HP: 16/24 MP: 0/7
  1256 | D:2      | Learned a level 3 spell: Conjure Flame
  1260 | D:2      | Learned a level 3 spell: Mephitic Cloud
  1690 | D:2      | Reached XP level 4. HP: 20/30 MP: 5/9
  2158 | D:3      | Learned a level 2 spell: Blink
  2560 | D:3      | Reached XP level 5. HP: 29/35 MP: 11/11
  2740 | D:3      | Reached skill level 4 in Conjurations
  2842 | D:3      | Found a burning altar of Makhleb.
  3347 | D:5      | Entered Level 5 of the Dungeon
  3349 | D:5      | Noticed an ice beast
  3379 | D:4      | Reached XP level 6. HP: 37/41 MP: 2/12
  3514 | D:4      | Reached skill level 5 in Conjurations
  3705 | D:5      | HP: 1/41 [jelly (2)]
  3705 | D:5      | Splashed by a jelly's acid

Action                   |  1- 3 |  4- 6 || total
-------------------------+-------+-------++-------
Melee: Unarmed           |    13 |       ||    13
       Falchion          |    45 |       ||    45
       Dagger            |     4 |   150 ||   154
 Cast: Magic Dart        |    79 |    13 ||    92
       Mephitic Cloud    |     2 |    14 ||    16
       Conjure Flame     |       |     7 ||     7
  Use: Potion            |     2 |     5 ||     7
       Scroll            |       |     9 ||     9
 Stab: Confused          |       |     6 ||     6
